 Dungeon Crawl Stone Soup version 0.27.0-1-g7a089689b8 (webtiles) character file.

Game seed: 2138091120412411346

860 SnakkuSnakku7 the Chucker (level 7, -6/45 HPs)
             Began as a Deep Elf Brigand on Aug 12, 2021.
             Was a Follower of Okawaru.
             Killed from afar by a gargoyle (10 damage)
             ... with a stone arrow
             ... on level 5 of the Dungeon.
             The game lasted 00:08:10 (5606 turns).

SnakkuSnakku7 the Chucker (Deep Elf Brigand)        Turns: 5606, Time: 00:08:11

Health: -6/45      AC: 14    Str: 10    XL:     7   Next: 71%
Magic:  0/9        EV: 10    Int: 16    God:    Okawaru [*.....]
Gold:   232        SH:  0    Dex: 16    Spells: 6/6 levels left

rFire    . . .     SeeInvis .   b - +5 trident (protect)
rCold    . . .     Faith    .   (no shield)
rNeg     . . .     Spirit   +   m - +0 ring mail
rPois    .         Reflect  .   (no helmet)
rElec    .         Harm     .   c - +0 cloak
rCorr    .         Rampage  .   (no gloves)
Will     .....                  w - +0 pair of boots
Stlth    ++........             f - amulet of guardian spirit
HPRegen  0.15/turn              (no ring)
MPRegen  0.11/turn              (no ring)

@: under a protective aura
A: no striking features
a: Renounce Religion, Heroism


You were on level 5 of the Dungeon.
You worshipped Okawaru.
Okawaru was aware of your devotion.
You visited 1 branch of the dungeon, and saw 5 of its levels.

You collected 232 gold pieces.

Inventory:

Hand Weapons
 a - a +1 hand axe of venom
 b - a +5 trident of protection (weapon)
Missiles
 d - 23 poisoned darts (quivered)
 e - 2 curare-tipped darts
 i - 3 javelins
 k - 53 arrows
Armour
 c - a +0 cloak (worn)
 m - a +0 ring mail (worn)
 v - a +0 robe
 w - a +0 pair of boots (worn)
Jewellery
 f - an amulet of guardian spirit (around neck)
Scrolls
 h - 2 scrolls of noise {unknown}
 j - a scroll of blinking {unknown}
 l - a scroll of fog {unknown}
 n - 3 scrolls of identify {unknown}
 o - 3 scrolls of enchant weapon {unknown}
 p - a scroll of brand weapon {unknown}
 q - a scroll of summoning {unknown}
 s - a scroll of silence {unknown}
 u - a scroll of fear {unknown}
 y - a scroll of magic mapping {unknown}
 z - 2 scrolls of teleportation {unknown}
 A - a scroll of acquirement {unknown}
Potions
 g - a potion of haste
 r - a potion of magic {unknown}
 t - a potion of flight {unknown}
 B - a potion of heal wounds {unknown}


   Skills:
 + Level 5.7 Fighting
 - Level 2.0 Short Blades
 - Level 6.0 Throwing
 - Level 1.2 Dodging
 - Level 4.8 Stealth


You had 6 spell levels left.
You didn't know any spells.
Your spell library contained the following spells:

 Spells                   Type           Power      Damage    Failure   Level
 Beastly Appendage        Tmut           0%         N/A       54%         1
 Wereblood                Tmut           0%         N/A       69%         2
 Spider Form              Tmut/Pois      0%         N/A       89%         3


Dungeon Overview and Level Annotations

Branches:
Dungeon (5/15)
 Temple: D:4-7

Altars:
Elyvilon
Makhleb
Nemelex Xobeh
Okawaru
Xom
Zin


Message History

You hit the gargoyle.
The gargoyle is lightly damaged.
The gargoyle barely misses you.
You hit the gargoyle.
The gargoyle is moderately damaged.
The gargoyle hurls a stone arrow at you.
The stone arrow hits you!
You closely miss the gargoyle.
The gargoyle is moderately damaged.
You feel like a meek peon again.
The gargoyle hurls a stone arrow at you.
The stone arrow hits you!!
* * * LOW HITPOINT WARNING * * *
You are too injured to fight recklessly!
You are too injured to fight recklessly!
You are too injured to fight recklessly!
You hit the gargoyle.
The gargoyle is heavily damaged.
The gargoyle barely misses you.
You hit the gargoyle but do no damage.
The gargoyle is heavily damaged.
The gargoyle barely misses you. The gargoyle closely misses you.
You hit the gargoyle.
The gargoyle is heavily damaged.
The gargoyle misses you.
You hit the gargoyle.
The gargoyle is severely damaged.
The gargoyle barely misses you.
Okay, then.
You hit the gargoyle but do no damage.
The gargoyle is severely damaged.
The gargoyle hits you with a +0 flail!
* * * LOW HITPOINT WARNING * * *
Unknown command.
You barely miss the gargoyle.
The gargoyle is severely damaged.
The gargoyle barely misses you.
The gargoyle hurls a stone arrow at you.
The stone arrow hits you!
You die...

#......................
#...........<..........
###......................
#....###+#######'########
+....# #......# #....#
#......# #....# #......#
#.†..#######'##########
##..<........@.........
#...........9.........
+.....................
#.....................
##.....................
#......####.....####+#.
#......+ #.....# #......#
#.....# #......#


You could see a gargoyle.

Vanquished Creatures
  Sigmund (D:3)
  Duvessa (D:4)
  An ice beast (D:3)
  A scorpion (D:3)
  Dowan (D:4)
  A jelly (D:4)
  3 hounds
  An orc priest (D:4)
  Jessica (D:2)
  Terence (D:2)
  An iguana (D:5)
  4 adders
  3 gnolls (D:2)
  2 ufetubi (D:4)
  3 worms
  A dart slug (D:2)
  14 orcs
  5 endoplasms
  5 giant cockroaches
  6 goblins
  5 hobgoblins
  14 jackals
  A quokka (D:4)
  6 ball pythons
  5 bats
  A frilled lizard (D:2)
  2 kobolds
  A quokka zombie (D:3)
  2 rats
93 creatures vanquished.

Vanquished Creatures (others)
  2 withered plants (D:3)
2 creatures vanquished.

Grand Total: 95 creatures vanquished

Notes
Turn   | Place    | Note
-------+----------+-------------------------------------------
     0 | D:1      | SnakkuSnakku7 the Deep Elf Brigand began the quest for the
                  | Orb.
     0 | D:1      | Reached XP level 1. HP: 12/12 MP: 3/3
   373 | D:1      | Reached XP level 2. HP: 16/16 MP: 4/4
   516 | D:1      | Reached skill level 3 in Throwing
   687 | D:1      | Found a faded altar of an unknown god.
   925 | D:2      | Reached XP level 3. HP: 12/20 MP: 5/5
  1498 | D:2      | Noticed Terence
  1527 | D:2      | Killed Terence
  1528 | D:2      | Reached skill level 4 in Throwing
  1528 | D:2      | Reached XP level 4. HP: 4/25 MP: 3/6
  1913 | D:2      | Noticed Jessica
  1917 | D:2      | Killed Jessica
  1918 | D:2      | Reached skill level 5 in Throwing
  2433 | D:2      | Reached XP level 5. HP: 29/29 MP: 7/7
  2832 | D:3      | Found a white marble altar of Elyvilon.
  2907 | D:3      | Found a shimmering altar of Xom.
  2908 | D:3      | Found a burning altar of Makhleb.
  3547 | D:3      | Noticed Sigmund
  3577 | D:3      | Reached skill level 6 in Throwing
  3657 | D:3      | Killed Sigmund
  3658 | D:3      | Reached XP level 6. HP: 29/37 MP: 5/8
  3682 | D:3      | Found a glowing silver altar of Zin.
  3690 | D:3      | Found a sparkling altar of Nemelex Xobeh.
  3721 | D:3      | Noticed an ice beast
  3853 | D:3      | Killed an ice beast
  4470 | D:4      | Found an iron altar of Okawaru.
  4490 | D:4      | Reached XP level 7. HP: 7/43 MP: 3/9
  4501 | D:4      | Became a worshipper of Warmaster Okawaru
  5209 | D:4      | Noticed Dowan
  5211 | D:4      | Noticed Duvessa
  5222 | D:5      | Entered Level 5 of the Dungeon
  5228 | D:5      | Reached skill level 5 in Fighting
  5232 | D:5      | Noticed a gargoyle
  5365 | D:4      | Killed Dowan
  5470 | D:4      | Killed Duvessa
  5470 | D:4      | Reached * piety under Okawaru
  5606 | D:5      | Killed from afar by a gargoyle

Illustrated notes

Levels and vault maps discovered:
D:1:      beargit_arrival_diablo_church, layout_loops_ring,
          ebering_ecumenical_altar_box
D:2:      layout_basic, bh_walls_and_bars, uniq_jessica, uniq_terence
D:3:      layout_loops_ring, grunt_temple_overflow_champion_of_chaos,
          mainiacjoe_overflow_alcove_4, minitemple, serial_undead,
          serial_undead_b, serial_undead_d, serial_undead_e, serial_undead_c,
          minmay_misc_feat_room, uniq_sigmund
D:4:      layout_basic, okawaru_gym_becter, uniq_duvessa
D:5:      layout_gridville, uniq_crazy_yiuf_cottage

Skill      XL: |  1  2  3  4  5  6  7 |
---------------+----------------------+-----
Throwing       | 3 4 5 6 |  6.0
Fighting       | 3 4 5 |  5.7
Short Blades   | |  2.0
Dodging        | |  1.2
Stealth        | |  4.8

Action                   |  1- 3 |  4- 6 |  7- 9 || total
-------------------------+-------+-------+-------++-------
Melee: Dagger            |    62 |       |       ||    62
       Mace              |    32 |    62 |     3 ||    97
       Hand axe          |       |    79 |    31 ||   110
       Trident           |       |       |    28 ||    28
Throw: Dart              |     7 |    32 |    23 ||    62
Invok: Heroism           |       |       |     1 ||     1
  Use: Potion            |       |     1 |       ||     1
 Stab: Sleeping          |     8 |     4 |     1 ||    13
       Distracted        |       |       |     1 ||     1
Armor: Robe              |     4 |       |       ||     4
       Ring mail         |    30 |    66 |    25 ||   121
Dodge: Dodged            |    71 |    91 |    42 ||   204
